 Dungeon Crawl Stone Soup version 0.19.0-9-gfd783f2 (webtiles) character file.

144 tv1990 the Bolt Thrower (level 5, -2/37 HPs)
             Began as a Formicid Arcane Marksman on Nov 7, 2016.
             Slain by Crazy Yiuf
             ... wielding a +4 quarterstaff of chaos
              (3 damage)
             ... on level 2 of the Dungeon.
             The game lasted 00:04:55 (1640 turns).

tv1990 the Bolt Thrower (Formicid Arcane Marksman)  Turns: 1640, Time: 00:04:56

Health: -2/37      AC:  5    Str: 16    XL:     5   Next: 52%
Magic:  6/6        EV: 11    Int: 12    God:
Gold:   171        SH:  0    Dex: 11    Spells: 1 memorised, 5 levels left

rFire  . . .     SeeInvis +     k - +0 mace
rCold  . . .     Gourm    .     q - +0 ring mail
rNeg   . . .     Faith    .     (no shield)
rPois  .         Spirit   .     (helmet unavailable)
rElec  .         Reflect  .     (no cloak)
rCorr  .         Harm     .     (no gloves)
MR     .....                    (no boots)
Stlth  +.........               (no amulet)
                                (no ring)
                                (no ring)

@: no status effects
A: permanent stasis, dig shafts and tunnels, four strong arms, antennae 3, sense
surroundings 1
a: Dig, Shaft Self


You were on level 2 of the Dungeon.
You were not hungry.

You visited 1 branch of the dungeon, and saw 2 of its levels.

You collected 171 gold pieces.

Inventory:

Hand Weapons
 a - a +0 hand crossbow
 k - a +0 mace (weapon)
Missiles
 d - 7 bolts
Armour
 e - a +0 robe
 j - a +0 leather armour
 q - a +0 ring mail (worn)
Scrolls
 h - 5 scrolls of teleportation
 m - a scroll of fog {unknown}
 n - a scroll of noise {unknown}
 o - a scroll of remove curse {unknown}
Books
 c - a book of Debilitation

   Spells                             Type                      Level
   a - Corona                         Hexes                        1
   b - Slow                           Hexes                        2
   c - Gell's Gravitas                Hexes/Translocation          3
   d - Inner Flame                    Hexes/Fire                   3
   e - Cause Fear                     Hexes                        4
   f - Leda's Liquefaction            Hexes/Earth                  4
Comestibles
 b - a meat ration
 f - 2 bread rations
 g - 3 chunks of flesh


   Skills:
 - Level 1.1 Fighting
 + Level 5.3 Crossbows
 - Level 1.7 Dodging
 - Level 1.1 Spellcasting
 - Level 3.6 Hexes


You had 5 spell levels left.
You knew the following spells:

 Your Spells              Type           Power        Failure   Level  Hunger
a - Corona                Hex            #......      17%         1    ##.....


Dungeon Overview and Level Annotations

Branches:
Dungeon (2/15)

Altars:
Gozag

Annotations:
D:2 Crazy Yiuf


Innate Abilities, Weirdness & Mutations

You are under a permanent stasis effect.
You can dig through walls and to a lower floor.
Your four strong arms can wield two-handed weapons with a shield.
You have a pair of large antennae on your head. (SInv)
You passively map a small area around you.


Message History

You shoot a bolt. The bolt hits Natasha!
Natasha is severely wounded.
Natasha claws you! Natasha claws you.
Wield which item (- for none, * to show all)? (? for menu, Esc to quit)
k - a +0 mace (weapon)
You sock Natasha!
You kill Natasha!
Natasha screams in fury as she dies!
Crazy Yiuf says, "Cholesterol foot rumpyflump!"
Crazy Yiuf hits you with a quarterstaff of chaos.
Crazy Yiuf burns you.
You closely miss Crazy Yiuf.
Crazy Yiuf hits you with a quarterstaff of chaos!
* * * LOW HITPOINT WARNING * * *
You are electrocuted!
* * * LOW HITPOINT WARNING * * *
You hit Crazy Yiuf.
Crazy Yiuf is moderately wounded.
Crazy Yiuf hits you with a quarterstaff of chaos.
You die...

..##.###..####.#
.......#### ###
.....#..#
#.##.##########
#.##........#.### ###
.....#.......#..##...#
.....#......####.'.g.#
.....##....## #g##..)#
...>.####### ##@# ###
.....# ### .....#
.....# ###
#.#########.#
#.##........#
#.##.######## #.##.#
#.##.#


You could see Crazy Yiuf.

Vanquished Creatures
  Jessica (D:2)
  Natasha (twice) (D:2)
  2 adders (D:2)
  2 oozes (D:1)
  A dart slug (D:1)
  A leopard gecko (D:1)
  9 hobgoblins
  5 kobolds
  A quokka (D:2)
  A ball python (D:1)
  4 frilled lizards
  6 goblins
  8 rats
43 creatures vanquished.

Notes
Turn   | Place    | Note
-------+----------+-------------------------------------------
     0 | D:1      | tv1990 the Formicid Arcane Marksman began the quest for the Orb.
     0 | D:1      | Reached XP level 1. HP: 15/15 MP: 2/2
   126 | D:1      | Reached XP level 2. HP: 13/21 MP: 3/3
   274 | D:1      | Reached skill level 3 in Crossbows
   529 | D:1      | Reached XP level 3. HP: 26/26 MP: 4/4
   988 | D:2      | Found an opulent altar of Gozag.
  1116 | D:2      | Noticed Jessica
  1116 | D:2      | Killed Jessica
  1116 | D:2      | Reached skill level 4 in Crossbows
  1116 | D:2      | Reached XP level 4. HP: 32/32 MP: 5/5
  1390 | D:2      | Noticed Natasha
  1394 | D:2      | Killed Natasha
  1394 | D:2      | Reached skill level 5 in Crossbows
  1394 | D:2      | Reached XP level 5. HP: 33/37 MP: 6/6
  1620 | D:2      | Found a runed door.
  1627 | D:2      | Gained mutation: You passively map a small area around you. [potion of beneficial mutation]
  1633 | D:2      | Noticed Natasha
  1633 | D:2      | Noticed Crazy Yiuf
  1638 | D:2      | Killed Natasha
  1639 | D:2      | HP: 1/37 [Crazy Yiuf/quarterstaff of chaos (13)]
  1640 | D:2      | Slain by Crazy Yiuf

Skill      XL: |  1  2  3  4 |
---------------+-------------+-----
Crossbows      | 3 4 5 |  5.3
Fighting       | |  1.1
Dodging        | |  1.7
Spellcasting   | |  1.1
Hexes          | |  3.6

Action                   |  1- 3 |  4- 6 || total
-------------------------+-------+-------++-------
Melee: Mace              |       |    19 ||    19
 Fire: Hand crossbow     |    60 |    26 ||    86
 Abil: Dig               |       |     1 ||     1
  Use: Scroll            |       |     3 ||     3
       Potion            |       |     1 ||     1
  Eat: Chunk             |     1 |     1 ||     2
Armor: Ring mail         |       |     5 ||     5
       Leather armour    |       |     1 ||     1
Dodge: Dodged            |     4 |    14 ||    18

Table legend:
 A = Turns spent in this place as a percentage of turns spent in the entire game.
 B = Non-inter-level travel turns spent in this place as a percentage of non-inter-level travel turns spent in the entire game.
 C = Inter-level travel turns spent in this place as a percentage of turns spent in this place.
 D = Turns resting spent in this place as a percentage of non-inter-level travel turns spent in this place.
 E = Turns spent auto-exploring this place as a percentage of non-inter-level travel turns spent in this place.
 F = Non-inter-level travel turns spent in this place divided by the number of levels of this place that you've seen.
                   A       B       C       D       E      F
               +-------+-------+-------+-------+-------+----------------------
         Total | 100.0 | 100.0 |   0.7 |   0.7 |  32.2 | 146.0
       Dungeon | 100.0 | 100.0 |   0.7 |   0.7 |  32.2 | 146.0
               +-------+-------+-------+-------+-------+----------------------

Table legend:
 A = Kills in this place as a percentage of kills in entire the game.
 B = Kills by you in this place as a percentage of kills by you in the entire game.
 C = Kills by friends in this place as a percentage of kills by friends in the entire game.
 D = Other kills in this place as a percentage of other kills in the entire game.
 E = Experience gained in this place as a percentage of experience gained in the entire game.
 F = Experience gained in this place divided by the number of levels of this place that you have seen.
                   A       B       C       D       E      F
               +-------+-------+-------+-------+-------+----------------------
         Total | 100.0 | 100.0 |  -nan |  -nan | 100.0 | 103.5
       Dungeon | 100.0 | 100.0 |  -nan |  -nan | 100.0 | 103.5
               +-------+-------+-------+-------+-------+----------------------

Vault maps used:
D:1:      scummos_arrival_checkerplants
D:2:      nicolae_gozag_seed_capital, minmay_misc_feat_room, nrook_mini_vaults,
          uniq_natasha, uniq_jessica, uniq_crazy_yiuf_cottage
